 Dungeon Crawl Stone Soup version 0.14-a0-2564-g94087c3 (webtiles) character file.

112 Jenx the Cudgeler (level 3, -3/23 HPs)
             Began as a Gargoyle Berserker on Feb 11, 2014.
             Was a Believer of Trog.
             Slain by a gnoll
             ... wielding a +0,+0 halberd
              (10 damage)
             ... on Level 2 of the Dungeon.
             The game lasted 00:02:37 (1124 turns).

Jenx the Cudgeler (Gargoyle Berserker)              Turns: 1124, Time: 00:02:37

HP  -3/23        AC 13     Str 20      XL: 3   Next: 52%
MP   3/3         EV  6     Int  7      God: Trog [**....]
Gold 71          SH  6     Dex 10      Spells:  0 memorised,  2 levels left

rFire  . . .     SeeInvis .     a - +0 mace
rCold  . . .     Clarity  .     d - +0 elf chain mail
rNeg   + . .     Conserve .     f - +0 buckler
rPois  +         rCorr    .     i - +0 orc helmet
rElec  +         rRot     +     (no cloak)
SustAb . .       Spirit   .     (no gloves)
rMut   .         Warding  .     (no boots)
Saprov . . .     Stasis   .     (no amulet)
MR     .....                    (no ring)
                                (no ring)

@: not resistant to hostile enchantments, extremely unstealthy
A: life protection 1, electricity resistance, unbreathing, petrification
resistance, AC +3
a: Burn Spellbooks, Berserk, Trog's Hand, Renounce Religion


You were on level 2 of the Dungeon.
You worshipped Trog.
Trog was pleased with you.
You were hungry.

You visited 1 branch of the dungeon, and saw 2 of its levels.

You collected 71 gold pieces.

Inventory:

Hand weapons
 a - a +0,+0 mace (weapon)
Missiles
 g - 6 darts of flame
 k - 2 tomahawks (quivered)
 u - 2 curare-tipped needles
Armour
 d - a +0 elven chain mail (worn)
 f - a +0 buckler (worn)
 i - a +0 orcish helmet (worn)
Comestibles
 c - a bread ration
 q - an apple
Scrolls
 m - a scroll of teleportation {unknown}
 o - a scroll of blinking {unknown}
 p - a scroll of remove curse {unknown}
 r - 4 scrolls of identify {unknown}
Jewellery
 s - an uncursed ring of regeneration {unknown}
Potions
 b - a potion of lignification {unknown}
 e - a potion of mutation {unknown}
 h - a potion of curing {unknown}
 j - a potion of brilliance {unknown}
 l - a potion of invisibility {unknown}
 n - a potion of heal wounds {unknown}
 t - 2 potions of poison {unknown}


   Skills:
 - Level 3.2 Fighting
 * Level 4.9 Maces & Flails
 - Level 2.1 Armour
 - Level 1.5 Dodging


You had 2 spell levels left.
You didn't know any spells.

Dungeon Overview and Level Annotations

Branches:
Dungeon (2/16)

Altars:
Elyvilon


Innate Abilities, Weirdness & Mutations

You are resistant to torment.
You are immune to poison.
Your stone body is very resilient (AC +3).
You resist negative energy.
You are resistant to electric shocks.
You can survive without breathing.
You are immune to petrification.


Message History

A gnoll comes into view. It is wielding a flail.
You hit the gnoll but do no damage.
The gnoll is moderately wounded.
The gnoll barely misses you.
You hit the gnoll.
The gnoll is heavily wounded.
The gnoll hits you. The gnoll hits you but does no damage.
The gnoll hits you but does no damage.
You closely miss the gnoll.
The gnoll is heavily wounded.
The gnoll hits you from afar with a halberd.
The gnoll closely misses you.
You completely miss the gnoll.
The gnoll is heavily wounded.
The gnoll barely misses you. The gnoll hits you but does no damage.
Your chain mail prevents you from hitting the gnoll.
The gnoll is heavily wounded.
The gnoll barely misses you.
The gnoll hits you from afar with a halberd!
You die...

###'###...'.#
#..(..#...###
#.....#...#
#.....#...#
#.....#...#
#.....#...#
#.....#####
#..<..#
###@### #g#
#g# .g. ...
#.#.# #. .#
#. .# . .


You could see 3 gnolls.

Vanquished Creatures
  An adder (D:2)
  A giant mite (D:1)
  An ooze (D:2)
  A goblin (D:2)
  7 hobgoblins
  6 kobolds
  2 bats
  2 giant newts (D:1)
  5 rats (D:1)
26 creatures vanquished.

Notes
Turn   | Place    | Note
--------------------------------------------------------------
     0 | D:1      | Jenx, the Gargoyle Berserker, began the quest for the Orb.
     0 | D:1      | Reached XP level 1. HP: 14/14 MP: 1/1
     0 | D:1      | Noticed a dwarf
     1 | D:1      | Noticed a troll
     3 | D:1      | Noticed an elf
     3 | D:1      | Noticed a draconian
     5 | D:1      | Noticed a naga
     7 | D:1      | Noticed an ogre
     8 | D:1      | Noticed a troll
    10 | D:1      | Noticed an elf
    10 | D:1      | Noticed an ogre
    12 | D:1      | Noticed a dwarf
    12 | D:1      | Noticed a centaur
    13 | D:1      | Noticed a spriggan
    14 | D:1      | Noticed a ghoul
    16 | D:1      | Noticed a vampire
    18 | D:1      | Noticed a troll
   157 | D:1      | Reached XP level 2. HP: 13/19 MP: 2/2
   437 | D:1      | Reached skill level 4 in Maces & Flails
   783 | D:1      | Reached XP level 3. HP: 23/23 MP: 3/3
   836 | D:2      | Found a white marble altar of Elyvilon.
   856 | D:2      | Acquired Trog's second power
  1124 | D:2      | Slain by a gnoll

Action                   || total
-------------------------++-------
Melee: Mace              ||    98
